 Dungeon Crawl Stone Soup version 0.30-a0-1114-gd936c97349 (webtiles) character file.

Game seed: 3349272184579979736

158 sampeng1 the Chopper (level 5, -13/32 (39) HPs)
             Began as a Human Reaver on Apr 20, 2023.
             Killed by divine providence
             ... invoked by an orc priest
              (16 damage)
             ... on level 4 of the Dungeon.
             The game lasted 00:16:05 (2102 turns).

sampeng1 the Chopper (Human Reaver)                 Turns: 2102, Time: 00:16:06

HP:   -13/32 (39)   AC:  6    Str: 14    XL:     5   Next: 66%
MP:   8/8           EV: 11    Int: 13    God:
Gold: 195           SH:  0    Dex: 12    Spells: 7/8 levels left

rFire   . . .      SeeInvis .    a - +1 hand axe
rCold   . . .      Faith    .    (no shield)
rNeg    . . .      Spirit   .    g - +0 ring mail
rPois   .          Reflect  .    f - +0 helmet
rElec   .          Rampage  .    (no cloak)
rCorr   .                        (no gloves)
Will    .....                    (no boots)
Stlth   +                        (no amulet)
HPRegen 0.25/turn                (no ring)
MPRegen 0.11/turn                (no ring)

@: heavily drained
A: no striking features
a: no special abilities


You were on level 4 of the Dungeon.
You visited 1 branch of the dungeon, and saw 4 of its levels.

You collected 195 gold pieces.

Inventory:

Hand Weapons
 a - a +1 hand axe (weapon)
 h - a +0 sling
 j - a +0 great mace
Armour
 b - a +0 leather armour
 f - a +0 helmet (worn)
 g - a +0 ring mail (worn)
Scrolls
 e - a scroll of summoning {unknown}
 k - a scroll of enchant armour {unknown}
Potions
 i - a potion of brilliance


   Skills:
 + Level 2.5 Fighting
 + Level 4.2 Axes
 + Level 1.1 Armour
 + Level 3.1 Dodging
 + Level 2.1 Spellcasting
 + Level 3.3 Conjurations
 + Level 0.6 Necromancy


You had 7 spell levels left.
You knew the following spells:

 Your Spells              Type           Power      Damage    Failure   Level
a - Kiss of Death         Conj/Necr      24%        2d7       22%         1

Your spell library contained the following spells:

 Spells                   Type           Power      Damage    Failure   Level
 Shock                    Conj/Air       20%        1d4       26%         1
 Momentum Strike          Conj/Tloc      10%        3d8       36%         2
 Hailstorm                Conj/Ice       5%         3d4       61%         3
 Swiftness                Air            1%         N/A       83%         3
 Airstrike                Air            0%         2d(1-17)  99%         4


Dungeon Overview and Level Annotations

Branches:
Dungeon (4/15)
 Temple: D:4-7

Altars:


Message History

You kill the orc!
A jackal comes into view.
The orc hits you but does no damage.
The orc priest hits you but does no damage.
You hit the orc.
The orc is lightly wounded.
The orc closely misses you.
The orc priest calls upon Beogh to heal the orc.
The orc's wounds heal themselves!
A jackal comes into view.
The jackal barks!
You hit the orc.
The orc is almost dead.
You hear a bark!
The orc hits you with a +0 hand axe.
The orc priest hits you but does no damage.
You hit the orc.
You kill the orc!
The orc priest mumbles some strange prayers to Beogh against you.
Beogh smites you!
* * * LOW HITPOINT WARNING * * *
The jackal barely misses you.
You hit the jackal.
You kill the jackal!
The orc priest hits you from afar with a +0 trident.
* * * LOW HITPOINT WARNING * * *
The jackal barely misses you.
The air fills with toxic fumes!
As you read the scroll of poison, it crumbles to dust.
The jackal bites you but does no damage.
The orc priest begins to cast a cantrip, but forgets the words!
There are monsters nearby!
There are monsters nearby!
There are monsters nearby!
You closely miss the jackal. The jackal bites you.
* * * LOW HITPOINT WARNING * * *
The orc priest mumbles some strange prayers to Beogh against you.
Beogh smites you!
Ouch! That really hurt!
You die...

### .... #.. .... ..
... ... ##.. #.# .....
###§#. ##.####.....
#§§§§. #...#.......
#§§§§o#####§§§§.......
#§§§§oh@§§§§§§#.......
#§§§§§###§###§§.......
.§###.. ####....#.....
§§.. ##......... §§...
#<######.. .§§...)
#....# .§..... #.##.#
....... ... .. #.. ..#


You could see an orc priest, an orc and a jackal.

Vanquished Creatures
  An iguana (D:4)
  5 adders (D:2)
  4 worms
  12 dart slugs
  3 orcs
  5 bats
  3 endoplasms
  5 goblins
  3 hobgoblins
  A jackal (D:4)
  A quokka (D:3)
  5 ball pythons
  2 kobolds
  5 rats
55 creatures vanquished.

Notes
Turn   | Place    | Note
-------+----------+-------------------------------------------
     0 | D:1      | sampeng1 the Human Reaver began the quest for the Orb.
     0 | D:1      | Reached XP level 1. HP: 16/16 MP: 3/3
    56 | D:1      | Reached XP level 2. HP: 20/22 MP: 5/5
    73 | D:1      | You fall into a shaft and drop 1 floor!
   163 | D:2      | Reached XP level 3. HP: 16/22 MP: 4/6
   500 | D:2      | Reached XP level 4. HP: 18/22 MP: 7/7
  1363 | D:3      | Reached XP level 5. HP: 26/28 MP: 8/8
  1644 | D:3      | Reached skill level 1 in Armour
  2085 | D:4      | Reached skill level 4 in Axes
  2102 | D:4      | Killed from afar by an orc priest

Illustrated notes

Levels and vault maps discovered:
D:1:      dpeg_arrival_ratfight, layout_loops_ring,
          dreamdust_ecumenical_altar_drowned_temple
D:2:      layout_basic
D:3:      kennysheep_slugbush, layout_basic
D:4:      layout_cave_pools, minmay_misc_feat_encased

Skill      XL: |  1  2  3  4  5 |
---------------+----------------+-----
Dodging        | 3 |  3.1
Armour         | 1 |  1.1
Axes           | 4 |  4.2
Fighting       | |  2.5
Spellcasting   | |  2.1
Conjurations   | |  3.3
Necromancy     | |  0.6

Action                     |  1- 3 |  4- 6 || total
---------------------------+-------+-------++-------
  Melee: Hand axe          |    57 |   150 ||   207
         Punch             |       |     1 ||     1
   Cast: Kiss of Death     |     4 |     1 ||     5
    Use: Scroll            |       |     7 ||     7
         Potion            |       |     5 ||     5
 Armour: Leather armour    |    13 |       ||    13
         Ring mail         |    17 |    60 ||    77
  Dodge: Dodged            |    50 |    87 ||   137

Table legend: (Time is in decaauts)
 A = Elapsed time spent in this place.
 B = Non-inter-level travel time spent in this place.
 C = Inter-level travel time spent in this place.
 D = Time resting spent in this place.
 E = Time spent auto-exploring this place.
 F = Levels seen in this place.
 G = Mean time per level.
                   A        B        C        D        E       F      G
               +--------+--------+--------+--------+--------+-----+--------+
         Total |   2154 |   2148 |      6 |    134 |   1038 |   4 |  538.5 |
       Dungeon |   2154 |   2148 |      6 |    134 |   1038 |   4 |  538.5 |
               +--------+--------+--------+--------+--------+-----+--------+

Top non-repeatable levels by time:
     D:2: 1092 daAuts
     D:3: 932 daAuts
     D:1: 75 daAuts
     D:4: 54 daAuts
